 Dungeon Crawl Stone Soup version 0.29.1-15-g9cfb28693d (webtiles) character file.

Game seed: 7907707966064882240

6002 leafyfresh the Nimble (level 10, -5/63 HPs)
             Began as an Octopode Delver on Feb 24, 2023.
             Was a Follower of Ashenzari.
             Slain by a boulder beetle (26 damage)
             ... on level 8 of the Dungeon.
             The game lasted 00:20:09 (8526 turns).

leafyfresh the Nimble (Octopode Delver)             Turns: 8526, Time: 00:20:09

Health: -5/63      AC:  5    Str: 13    XL:     10   Next: 85%
Magic:  2/18       EV: 21    Int: 16    God:    Ashenzari [*.....]
Gold:   1279       SH:  0    Dex: 25    Spells: 0/19 levels left

rFire   . . .      SeeInvis .   D - staff of conjuration
rCold   . . .      Faith    .   (no shield)
rNeg    . . .      Spirit   .   (helmet restricted)
rPois   .          Reflect  .   m - amulet of the acrobat
rElec   .          Harm     .   d - ring "Manifest Lethargy" {Dex+6, Alch, Bglg} (curse)
rCorr   .          Rampage  .   v - ring "Adversity of Ashenzari" {AC+4, Cun, Melee} (curse)
Will    .....                   B - +6 ring of dexterity
Stlth   +++++.....              (no ring)
HPRegen 0.20/turn               (no ring)
MPRegen 0.16/turn               (no ring)
                                (no ring)
                                (no ring)

@: no status effects
A: almost no armour, amphibious, 8 rings, camouflage 1, gelatinous body 1,
(nimble swimmer 1), tentacles, tentacle spike 1, wild magic 1
a: Renounce Religion, Shatter the Chains


You were on level 8 of the Dungeon.
You worshipped Ashenzari.
Ashenzari was aware of your devotion.
You visited 1 branch of the dungeon, and saw 7 of its levels.
You also visited: Ossuary.

You collected 1279 gold pieces.

Inventory:

Hand Weapons
 j - the +1 short sword of Harmony {drain, rC+ Dex+6}
   (You found it on level 4 of the Dungeon)

   A truly terrible weapon, it drains the life of any living foe it strikes.
   Dex:       It affects your dexterity (+6).
   rC:        It protects you from cold.
 t - a +3 vorpal flail
Missiles
 p - 2 curare-tipped darts (quivered)
Magical Staves
 D - a staff of conjuration (weapon)
 E - a staff of air
Jewellery
 d - the cursed ring "Manifest Lethargy" (left tentacle) {Dex+6, Alch, Bglg}
   (You found it on level 3 of the Dungeon)

   [ring of dexterity]

   Dex:       It affects your dexterity (+6).
   It has a curse which improves the following skills: Alchemy: Poison Magic and
   Transmutations.
   Beguiling: Conjurations, Hexes and Translocations.
 m - an amulet of the acrobat (around mantle)
 v - the cursed ring "Adversity of Ashenzari" (right tentacle) {AC+4, Cun, Melee}
   (You found it on level 5 of the Dungeon)

   [ring of protection]

   AC:        It affects your AC (+4).
   It has a curse which improves the following skills: Cunning: Dodging and
   Stealth.
   Melee Combat: Short Blades, Long Blades, Axes, Maces & Flails, Polearms,
   Staves and Unarmed Combat.
 B - a +6 ring of dexterity (on tentacle)
Wands
 f - a wand of digging (8)
 i - a wand of light (11)
 l - a wand of flame (18)
 y - a wand of paralysis (10)
 F - a wand of iceblast (9)
Scrolls
 b - a scroll of fog
 c - a scroll of magic mapping
 g - 4 scrolls of teleportation
 h - 9 scrolls of identify
 k - 2 scrolls of enchant weapon
 o - a scroll of fear
 r - 3 scrolls of blinking
 s - 3 scrolls of noise
 w - 2 scrolls of vulnerability
 x - 2 scrolls of immolation
 C - a scroll of amnesia
Potions
 a - 2 potions of haste
 e - a potion of ambrosia
 n - 2 potions of curing
 q - a potion of mutation
 u - 2 potions of lignification
 z - a potion of heal wounds
 A - 2 potions of brilliance
 G - a potion of magic


   Skills:
 - Level 3.1 Fighting
 - Level 2.1(2.8) Short Blades
 - Level 8.7(9.6) Dodging
 - Level 6.9(7.7) Stealth
 - Level 5.4 Spellcasting
 + Level 6.9(7.8) Conjurations
 - Level 5.4 Necromancy
 + Level 6.9 Air Magic
 - Level 3.9(4.7) Poison Magic


You couldn't memorise any spells.
You knew the following spells:

 Your Spells              Type           Power      Damage    Failure   Level
a - Necrotise             Necr           100%       1d9       3%          1
b - Foxfire               Conj/Fire      100%       2x1d9     5%          1
c - Vampiric Draining     Necr           28%        2d8       8%          3
d - Mephitic Cloud        Conj/Pois/Air  49%        N/A       5%          3
e - Ignite Poison         Fire/Tmut/Pois 12%        N/A       30%         3
f - Passwall              Tmut/Erth      4%         N/A       30%         2
g - Iskenderun's Battles  Conj           55%        2d11      22%         5
h - Magic Dart            Conj           100%       1d8       1%          1

Your spell library contained the following spells:

 Spells                   Type           Power      Damage    Failure   Level
 Shock                    Conj/Air       100%       1d9       1%          1
 Searing Ray              Conj           100%       2d8       1%          2
 Swiftness                Air            34%        N/A       4%          3
 Conjure Flame            Conj/Fire      32%        6-21      13%         3
 Airstrike                Air            17%        2d(3-19)  13%         4
 Ensorcelled Hibernation  Hex/Ice        10%        N/A       30%         2
 Flame Wave               Conj/Fire      32%        2d9       36%         4
 Fulminant Prism          Conj/Hex       16%        3d11      36%         4
 Inner Flame              Hex/Fire       5%         N/A       47%         3
 Summon Guardian Golem    Hex/Summ       5%         N/A       47%         3
 Ozocubu's Armour         Ice            5%         N/A       50%         3
 Agony                    Necr           28%        N/A       50%         5
 Freezing Cloud           Conj/Ice/Air   19%        6-21      56%         5
 Fireball                 Conj/Fire      16%        3d8       71%         5
 Conjure Ball Lightning   Conj/Air       26%        3x3d7     78%         6
 Orb of Destruction       Conj           27%        9d9       99%         7
 Ozocubu's Refrigeration  Ice            2%         4d8       100%        7
 Spellforged Servitor     Conj/Summ      16%        N/A       100%        7


Dungeon Overview and Level Annotations

Branches:
Dungeon (8/15)             Temple (0/1) D:7         Ossuary (visited)
   Lair: D:8-11

Altars:
Ashenzari
Nemelex Xobeh
Ru
Uskayaw
Wu Jian
The Shining One

Annotations:
D:6 1 runed translucent door, tizbic2's ghost, novice VSFi


Innate Abilities, Weirdness & Mutations

You cannot wear most types of armour.
You are amphibious.
You can wear up to eight rings at the same time.
Your skin changes colour to match your surroundings (Stealth+).
Your rubbery body absorbs attacks. (AC +1, EV +1)
((You are camouflaged when in or above water. (Stealth+)))
You have tentacles for arms and can constrict up to eight enemies at once.
One of your tentacles bears a spike.
Your spells are a little harder to cast, but a little more powerful.


Message History

The barrage of energy hits the boulder beetle but does no damage.
The boulder beetle is heavily wounded.
The boulder beetle bites you!!
Casting: Magic Dart (safe; 1% risk of failure)
Confirm with . or Enter, or press ? or * to list all spells.
Aiming: Magic Dart (safe; 1% risk of failure)
Press: ? - help, Shift-Dir - straight line, f/p - boulder beetle
Aim: a boulder beetle (heavily wounded, ally target, 100% to hit)
You feel a surge of power!
The magic dart hits the boulder beetle.
The boulder beetle is heavily wounded.
Your battlesphere fires!
The barrage of energy hits the boulder beetle but does no damage.
The boulder beetle is heavily wounded.
The boulder beetle misses you.
Unknown command.
Casting: Magic Dart (safe; 1% risk of failure)
Confirm with . or Enter, or press ? or * to list all spells.
Aiming: Magic Dart (safe; 1% risk of failure)
Press: ? - help, Shift-Dir - straight line, f/p - boulder beetle
Aim: a boulder beetle (heavily wounded, ally target, 100% to hit)
You feel a surge of power!
The magic dart hits the boulder beetle.
The boulder beetle is heavily wounded.
The boulder beetle completely misses you.
Unknown command.
Unknown command.
Casting: Magic Dart (safe; 1% risk of failure)
Confirm with . or Enter, or press ? or * to list all spells.
Okay, then.
You hit the boulder beetle but do no damage.
The boulder beetle is heavily wounded.
The boulder beetle barely misses you. The boulder beetle closely misses you.
Unknown command.
You hit the boulder beetle but do no damage.
The boulder beetle is heavily wounded.
The boulder beetle bites you!!
Unknown command.
You hit the boulder beetle but do no damage.
The boulder beetle is heavily wounded.
The boulder beetle bites you!!
You die...

##...# #............# #...##
##)........... #...#
#............
##..######+######.......)...
#...#>.........>#...........
#..##...........##..........
##...#○.B.....).<#...........
#.#.)######B######...........
##.#...#.....@...#............
#..##..##.⌠..*⌠.##............
#.###...#.......#........)....
##.#
##..##.....##.............
#..# #...#.....#..............
##.##
##..##.).##.............. #..#
##...#)..#.[........##### #..#
#....##[##..#...##### # ##.##
#.....#<#...#...# ##


You could see a boulder beetle and a friendly battlesphere.

Vanquished Creatures
  A centaur warrior (D:8)
  Pikel (D:8)
  Maurice (D:8)
  A hornet (D:8)
  Grinder (D:3)
  A spriggan (shapeshifter) (D:8)
  4 yaks (D:8)
  2 vampire mosquitoes (D:8)
  Edmund (D:5)
  3 water moccasins
  Duvessa (D:5)
  An ice beast (D:6)
  A black bear (D:5)
  2 orc warriors (D:7)
  A sky beast (D:6)
  An ogre (D:6)
  2 centaurs
  A lemure (D:8)
  A phantom (D:5)
  A kobold brigand (D:8)
  3 elf zombies (Ossuary)
  A bullfrog (D:8)
  3 scorpions
  5 wights (D:7)
  Dowan (D:5)
  5 killer bees (D:8)
  6 howler monkeys
  2 hounds
  A jelly (D:5)
  A human zombie (Ossuary)
  4 orc priests
  2 iguanas
  6 orc wizards
  A hound zombie (Ossuary)
  4 mummies (Ossuary)
  9 adders
  A white imp (D:7)
  An ufetubus (D:6)
  A worm (D:2)
  5 dart slugs
  22 orcs
  A bat (D:2)
  4 endoplasms
  2 giant cockroaches
  2 goblins
  7 hobgoblins
  5 kobolds
  2 quokkas (D:2)
  5 ball pythons
  A frilled lizard (D:3)
  A gnoll zombie (Ossuary)
  A goblin zombie (Ossuary)
  3 hobgoblin zombies (Ossuary)
  2 kobold zombies (Ossuary)
  5 rats
153 creatures vanquished.

Vanquished Creatures (others)
  22 foxfires (Ossuary)
22 creatures vanquished.

Grand Total: 175 creatures vanquished

Notes
Turn   | Place    | Note
-------+----------+-------------------------------------------
     0 | D:5      | leafyfresh the Octopode Delver began the quest for the Orb.
     0 | D:5      | Reached XP level 1. HP: 16/16 MP: 1/1
   109 | D:4      | Reached XP level 2. HP: 21/21 MP: 2/2
   129 | D:4      | Found a hide-covered altar of Uskayaw.
   136 | D:4      | Noticed a howler monkey
   151 | D:4      | Identified the +1 short sword of Harmony {drain, rC+ Dex+6}
   254 | D:3      | Learned a level 1 spell: Necrotise
   398 | D:2      | Reached skill level 1 in Spellcasting
   556 | D:2      | Reached XP level 3. HP: 26/26 MP: 3/5
   738 | D:2      | Found a faded altar of an unknown god.
   963 | D:3      | Noticed Grinder
   968 | D:3      | Killed Grinder
   969 | D:3      | Reached XP level 4. HP: 27/31 MP: 6/9
   969 | D:3      | Reached XP level 5. HP: 31/36 MP: 6/10
   969 | D:3      | Reached XP level 6. HP: 37/42 MP: 6/11
  1542 | D:3      | Found a sparkling altar of Nemelex Xobeh.
  1947 | D:5      | Noticed Duvessa
  1947 | D:5      | Noticed Dowan
  1949 | D:5      | Killed Duvessa
  1953 | D:5      | Killed Dowan
  1954 | D:5      | Reached skill level 3 in Dodging
  1954 | D:5      | Reached XP level 7. HP: 20/46 MP: 11/13
  1963 | D:4      | HP: 2/46 [poisoned by Dowan]
  2611 | D:5      | Noticed Edmund
  2623 | D:5      | Killed Edmund
  3345 | D:5      | Reached skill level 4 in Dodging
  3360 | D:5      | Reached skill level 5 in Spellcasting
  3360 | D:5      | Reached XP level 8. HP: 31/52 MP: 15/15
  3372 | D:5      | Reached skill level 5 in Necromancy
  3679 | D:5      | Found a broken altar of Ashenzari.
  3823 | D:5      | Became a worshipper of Ashenzari the Shackled
  3903 | D:6      | Found a sand-covered staircase.
  3908 | Ossuary  | Entered an ossuary
  3911 | Ossuary  | Learned a level 1 spell: Foxfire
  3951 | Ossuary  | Gained mutation: Your spells are a little harder to cast,
                  | but a little more powerful. [potion of mutation]
  3951 | Ossuary  | Gained mutation: One of your tentacles bears a spike.
                  | [potion of mutation]
  4340 | Ossuary  | Learned a level 3 spell: Vampiric Draining
  4375 | Ossuary  | Reached skill level 5 in Dodging
  4657 | D:6      | Reached skill level 6 in Dodging
  4860 | D:6      | Found a glowing golden altar of the Shining One.
  4905 | D:6      | Reached skill level 7 in Dodging
  4996 | D:6      | Reached XP level 9. HP: 56/56 MP: 17/17
  5011 | D:6      | Found an ornate altar of the Wu Jian Council.
  5218 | D:6      | Found a runed translucent door.
  5219 | D:6      | Noticed tizbic2's ghost (novice VSFi)
  5367 | D:7      | Reached skill level 8 in Dodging
  5692 | D:7      | Learned a level 3 spell: Mephitic Cloud
  5696 | D:7      | Learned a level 3 spell: Ignite Poison
  5940 | D:7      | Learned a level 2 spell: Passwall
  6004 | D:7      | Found a staircase to the Ecumenical Temple.
  6138 | D:7      | Reached skill level 1 in Poison Magic
  6152 | D:7      | Reached skill level 1 in Conjurations
  6152 | D:7      | Reached skill level 1 in Air Magic
  6619 | D:8      | Noticed a boulder beetle
  6619 | D:8      | Noticed Maurice
  6625 | D:8      | Killed Maurice
  6840 | D:8      | Reached XP level 10. HP: 52/63 MP: 16/18
  7003 | D:8      | Reached * piety under Ashenzari
  7003 | D:8      | Identified a scroll of acquirement
  7004 | D:8      | Acquired 899 gold pieces
  7036 | D:8      | Found a sacrificial altar of Ru.
  7191 | D:8      | Reached skill level 5 in Conjurations
  7191 | D:8      | Reached skill level 5 in Air Magic
  7346 | D:8      | Noticed Pikel
  7374 | D:8      | Killed Pikel
  7460 | D:8      | Noticed a centaur warrior
  7475 | D:8      | Killed a centaur warrior
  7833 | D:8      | Learned a level 5 spell: Iskenderun's Battlesphere
  7835 | D:8      | Learned a level 1 spell: Magic Dart
  8526 | D:8      | Slain by a boulder beetle

Illustrated notes

Levels and vault maps discovered:
D:2:      layout_basic, serial_curves, eino_curves_03, eino_curves_02,
          ebering_ecumenical_altar_webs, chequers_serial_rivers_micro_e
D:3:      layout_basic, nemelex_dance_club_becter, roderic_filled_cross,
          kennysheep_cross_bottleneck, uniq_grinder
D:4:      layout_basic, mainiacjoe_overflow_cross_hatched
D:5:      layout_cave_pools, kennysheep_little_box, amcnicky_mini_pool_small,
          uniq_duvessa, uniq_edmund
D:6:      layout_loops_ring, mainiacjoe_overflow_six_doors_small,
          mainiacjoe_overflow_24_doors, ebering_ghost_reflecting_pool,
          nicolae_ossuary_entry_false_entrances
D:7:      layout_loops_ring, minmay_temple_entry_stoned_glass
D:8:      minmay_diamond_stairs, layout_cave_pods, amcnicky_altar_gilded,
          uniq_maurice, uniq_pikel

Skill      XL: |  1  2  3  4  5  6  7  8  9 10 |
---------------+-------------------------------+-----
Spellcasting   | 1 3 4 5 |  5.4
Necromancy     | 3 4 5 |  5.4
Dodging        | 3 4 7 8 |  8.7
Poison Magic   | 3 |  3.9
Conjurations   | 3 6 |  6.9
Air Magic      | 3 6 |  6.9
Fighting       | |  3.1
Short Blades   | |  2.1
Stealth        | |  6.9

Action                   |  1- 3 |  4- 6 |  7- 9 | 10-12 || total
-------------------------+-------+-------+-------+-------++-------
Melee: Short sword       |    41 |    26 |   223 |    71 ||   361
       Constrict         |     8 |     4 |    45 |    12 ||    69
       Tentacles         |     4 |     5 |    65 |    23 ||    97
       Kick              |       |       |    67 |    32 ||    99
       Punch             |       |       |     5 |     2 ||     7
       Staff             |       |       |       |     8 ||     8
 Cast: Foxfire           |       |       |    15 |       ||    15
       Mephitic Cloud    |       |       |     2 |     2 ||     4
       Vampiric Draining |       |       |       |    10 ||    10
       Magic Dart        |       |       |       |     9 ||     9
       Iskenderun's Batt |       |       |       |     2 ||     2
Invok: Curse Item        |       |       |     1 |     1 ||     2
  Use: Scroll            |     1 |       |     2 |     1 ||     4
       Potion            |       |       |     5 |       ||     5
 Stab: Sleeping          |    16 |     6 |    20 |     6 ||    48
       Distracted        |       |     2 |       |     1 ||     3
       Confused          |       |       |     1 |     3 ||     4
Armor: Skin              |     1 |     2 |    24 |    11 ||    38
Dodge: Dodged            |    17 |     2 |   164 |    91 ||   274
